 Dungeon Crawl Stone Soup version 0.31-a0-876-gfe8ebadbca (webtiles) character file.

Game seed: 210901741956752383

648 Ge0ff the Sneak (level 7, 0/46 HPs)
             Began as an Octopode Brigand on Oct 13, 2023.
             Frozen to death by an endoplasm (5 damage)
             ... on level 4 of the Dungeon.
             The game lasted 00:04:58 (2949 turns).

Ge0ff the Sneak (Octopode Brigand)                  Turns: 2949, Time: 00:04:58

Health: 0/46       AC:  1    Str: 10    XL:     7   Next: 53%
Magic:  6/17       EV: 13    Int: 21    God:
Gold:   173        SH:  0    Dex: 14    Spells: 5/7 levels left

rFire   . . .        a - +2 dagger
rCold   . . .        (no shield)
rNeg    + . .        (helmet restricted)
rPois   .            C - amulet of magic regeneration
rElec   .            w - ring of magical power
rCorr   .            G - ring of wizardry
SInv    .            A - +6 ring of intelligence
Will    .....        Q - ring of positive energy
Stlth   ++++         J - ring of flight
HPRegen 0.27/turn    (no ring)
MPRegen 0.55/turn    (no ring)
                     (no ring)

%: wizardry (x1)
@: flying, very slightly contaminated
A: almost no armour, amphibious, 8 rings, camouflage 1, gelatinous body 1,
(nimble swimmer 1), tentacles
a: no special abilities


You were on level 4 of the Dungeon.
You visited 1 branch of the dungeon, and saw 4 of its levels.

You collected 173 gold pieces.

Inventory:

Hand Weapons
 a - a +2 dagger (weapon)
 K - a +0 rapier
 N - a +0 dagger of speed
 O - a +1 spectral club
Missiles
 b - 7 poisoned darts (quivered)
 v - 3 curare-tipped darts {=F}
 y - 17 stones
Jewellery
 w - a ring of magical power (left tentacle)
 x - a ring of ice
 A - a +6 ring of intelligence (on tentacle)
 C - an amulet of magic regeneration (around mantle)
 G - a ring of wizardry (right tentacle)
 J - a ring of flight (on tentacle)
 Q - a ring of positive energy (on tentacle)
Wands
 p - a wand of paralysis (6)
 r - a wand of roots (9)
Scrolls
 B - a scroll of blinking
 X - a scroll of brand weapon {unknown}
Potions
 q - a potion of curing
 u - 3 potions of mutation {!q}
 L - a potion of lignification
 M - a potion of might
 W - a potion of heal wounds {!q}
 Y - 2 potions of attraction {unknown}


   Skills:
 - Level 3.0 Fighting
 + Level 6.5 Short Blades
 - Level 2.0 Throwing
 - Level 2.0 Dodging
 - Level 7.0 Stealth
 + Level 0.7 Spellcasting
 * Level 1.3 Fire Magic


You had 5 spell levels left.
You knew the following spells:

 Your Spells              Type           Power      Damage    Failure   Level
C - Scorch                Fire           12%        2d5       6%          2

Your spell library contained the following spells:

 Spells                   Type           Power      Damage    Failure   Level
 Flame Wave               Conj/Fire      3%         2d5       43%         4
 Summon Cactus Giant      Summ           0%         N/A       100%        6


Dungeon Overview and Level Annotations

Branches:
Dungeon (4/15) Zot: 21076
 Temple: D:4-7

Altars:
Nemelex Xobeh


Innate Abilities, Weirdness & Mutations

You cannot wear most types of armour.
You are amphibious.
You can wear up to eight rings at the same time.
Your skin changes colour to match your surroundings (Stealth+).
Your rubbery body absorbs attacks. (AC +1, EV +1)
((You are camouflaged when in or above water. (Stealth+)))
You have tentacles for arms and can constrict up to eight enemies at once.


Message History

You hear an angry hiss.
The ice beast hits you. The ice beast freezes you.
* * * LOW HITPOINT WARNING * * *
Casting: Scorch (safe; 11% risk of failure)
Confirm with . or Enter, or press ? or * to list all spells.
Flames lash the ice beast.
The ice beast melts!
The ice beast is heavily wounded.
The ice beast misses you.
Casting: Scorch (safe; 11% risk of failure)
Confirm with . or Enter, or press ? or * to list all spells.
Flames lash the ice beast.
The ice beast melts!
The ice beast is almost dead.
The ice beast barely misses you.
Casting: Scorch (safe; 11% risk of failure)
Confirm with . or Enter, or press ? or * to list all spells.
Flames lash the endoplasm.
The endoplasm is moderately wounded.
The endoplasm's fire resistance burns away.
An adder comes into view.
The ice beast closely misses you.
Casting: Scorch (safe; 11% risk of failure)
Confirm with . or Enter, or press ? or * to list all spells.
Flames lash the adder.
The adder is heavily wounded.
The adder's fire resistance burns away.
The ice beast completely misses you.
Casting: Scorch (safe; 11% risk of failure)
Confirm with . or Enter, or press ? or * to list all spells.
You miscast Scorch.
You are very lightly contaminated with residual magic.
Nothing appears to happen.
The ice beast hits you.
* * * LOW HITPOINT WARNING * * *
The ice beast freezes you.
* * * LOW HITPOINT WARNING * * *
Casting: Scorch (safe; 11% risk of failure)
Confirm with . or Enter, or press ? or * to list all spells.
Flames lash the ice beast.
The ice beast melts!
You kill the ice beast!
The endoplasm is no longer more vulnerable to fire.
The adder completely misses you.
Your Fire Magic skill increases to level 1!
You hit the adder. You grab the adder.
The adder is almost dead.
You constrict the adder.
You kill the adder!
An orc comes into view. It is wielding a +0 dagger.
You hit the endoplasm.
The endoplasm is heavily wounded.
The endoplasm freezes you.
You are frozen.
You die...

.#. $.)# #. #..#### ## #
#. #...$# .#.# #. #...#
.#.# #.#####...## ...
####..........###J#
#.....# #....@.#####
#.....######.######...##
#.............####.###.#
.....†######.........#.#
......######.#####.#.#.#
.>...<.......# ##...##
.....######### ##.##
..... #.# ##... #.#


You could see an endoplasm.

Vanquished Creatures
  Grinder (D:3)
  Sigmund (D:2)
  An ice beast (D:4)
  A scorpion (D:4)
  Ijyb (D:4)
  3 gnolls (D:3)
  4 adders
  A worm (D:2)
  A dart slug (D:1)
  6 ball pythons
  3 endoplasms
  2 giant cockroaches (D:3)
  4 goblins
  6 hobgoblins
  4 jackals (D:3)
  2 quokkas
  5 bats
  4 frilled lizards
  3 kobolds
  4 rats
57 creatures vanquished.

Notes
Turn   | Place    | Note
-------+----------+-------------------------------------------
     0 | D:1      | Ge0ff the Octopode Brigand began the quest for the Orb.
     0 | D:1      | Reached XP level 1. HP: 14/14 MP: 1/1
   387 | D:1      | Reached XP level 2. HP: 9/19 MP: 2/2
   978 | D:2      | Reached XP level 3. HP: 19/24 MP: 3/3
  1226 | D:2      | Noticed Sigmund
  1250 | D:3      | Found a sparkling altar of Nemelex Xobeh.
  1304 | D:2      | Killed Sigmund
  1305 | D:2      | Reached skill level 5 in Short Blades
  1305 | D:2      | Reached XP level 4. HP: 22/30 MP: 4/4
  1305 | D:2      | Reached XP level 5. HP: 26/35 MP: 5/5
  1682 | D:3      | Noticed Grinder
  1695 | D:3      | Paralysed by Grinder for 5 turns
  1714 | D:3      | Killed Grinder
  1715 | D:3      | Reached skill level 7 in Stealth
  1715 | D:3      | Reached XP level 6. HP: 42/42 MP: 6/6
  1833 | D:3      | Reached XP level 7. HP: 15/46 MP: 7/7
  1969 | D:4      | Noticed Ijyb
  1977 | D:4      | Killed Ijyb
  2382 | D:3      | Found a sparkling altar of Nemelex Xobeh.
  2912 | D:4      | Learned a level 2 spell: Scorch
  2948 | D:4      | Reached skill level 1 in Fire Magic
  2949 | D:4      | Frozen to death by an endoplasm

Illustrated notes

Levels and vault maps discovered:
D:1:      dpeg_arrival_short_road, layout_loops_ring, minivault_23,
          minmay_tripent
D:2:      layout_rooms, uniq_sigmund
D:3:      layout_loops_ring, nemelex_spade_bored_becter, uniq_grinder
D:4:      layout_loops_ring, minmay_temple_entry_poolview, glass_columns_b,
          minmay_bent, uniq_ijyb

Skill      XL: |  1  2  3  4  5  6  7 |
---------------+----------------------+-----
Short Blades   | 3 5 6 |  6.5
Fighting       | 3 |  3.0
Dodging        | 2 |  2.0
Stealth        | 7 |  7.0
Fire Magic     | 1 |  1.3
Throwing       | |  2.0
Spellcasting   | |  0.7

Action                     |  1- 3 |  4- 6 |  7- 9 || total
---------------------------+-------+-------+-------++-------
  Melee: Dagger            |    46 |    16 |    33 ||    95
         Constrict         |    12 |     4 |     8 ||    24
         Tentacles         |    11 |     5 |     6 ||    22
         Punch             |     1 |       |       ||     1
         Unarmed           |       |     3 |       ||     3
  Throw: Dart              |     3 |     8 |       ||    11
   Cast: Scorch            |       |       |     6 ||     6
    Use: Scroll            |     1 |     5 |     1 ||     7
         Potion            |       |     4 |       ||     4
   Stab: Sleeping          |    10 |     3 |     5 ||    18
 Armour: Skin              |    15 |     6 |    11 ||    32
  Dodge: Dodged            |    14 |     7 |    19 ||    40

Table legend: (Time is in decaauts)
 A = Elapsed time spent in this place.
 B = Non-inter-level travel time spent in this place.
 C = Inter-level travel time spent in this place.
 D = Time resting spent in this place.
 E = Time spent auto-exploring this place.
 F = Levels seen in this place.
 G = Mean time per level.
                   A        B        C        D        E       F      G
               +--------+--------+--------+--------+--------+-----+--------+
         Total |   2922 |   2809 |    113 |    112 |   2139 |   4 |  730.5 |
       Dungeon |   2922 |   2809 |    113 |    112 |   2139 |   4 |  730.5 |
               +--------+--------+--------+--------+--------+-----+--------+

Top non-repeatable levels by time:
     D:3: 1223 daAuts
     D:1: 913 daAuts
     D:2: 559 daAuts
     D:4: 227 daAuts
